 Dungeon Sprint DCSS version 0.31-a0-7-g51783674b7 (webtiles) character file.

Game seed: 5409556105804627718

502 123456 the Warrior (level 10, -17/166 HPs)
             Began as a Minotaur Fighter on May 5, 2023.
             Was an Initiate of Gozag.
             Killed from afar by a gargoyle (26 damage)
             ... with a stone arrow
             ... in the Dungeon (Sprint VI: "Thunderdome").
             The game lasted 00:07:05 (1218 turns).

123456 the Warrior (Minotaur Fighter)               Turns: 1218, Time: 00:07:07

Health: -17/166    AC:  5    Str: 34    XL:     10   Next: 26%
Magic:  9/9        EV:  2    Int:  5    God:    Gozag
Gold:   80         SH:  4    Dex: 10    Spells: 9/9 levels left

rFire   + + .        a - +0 flail (chaos)
rCold   + + .        c - +0 buckler
rNeg    . . .        A - melded +0 crystal plate armour
rPois   +            (helmet currently unavailable)
rElec   +            w - melded +0 cloak "Zeellat" {Str+2}
rCorr   +            (gloves currently unavailable)
SInv    .            x - melded +2 pair of boots of Pibbaop {Contam rPois rC+ Will+}
Will    .....        o - amulet "Loim" {Will- Regen+ Str+3 Stlth+}
Stlth   ++           q - ring of Xidi {rF+ Will+ Dex+4}
HPRegen 1.27/turn    p - ring "Xiankuorua" {rPois rC+ rCorr Str+6 Dex-4}
MPRegen 0.11/turn

%: no teleportation
@: mighty, tree-form, resistant, corroded
A: stationary, stasis, torment immunity, boosted hp, (horns 2), (retaliatory
headbutt)
}: 1/15 runes: serpentine
a: End Transformation, Renounce Religion, Potion Petition, Call Merchant, Bribe
Branch


You were in the Dungeon.
You worshipped Gozag.
Gozag was noncommittal.
You were a tree.
You visited 1 branch You collected 3386 gold pieces.
You spent 2966 gold pieces at shops.
You paid 340 gold pieces to Gozag.

Inventory:

Hand Weapons
 a - a +0 flail of chaos (weapon)
Armour
 b - a +0 scale mail
 c - a +0 buckler (worn)
 v - the +2 cloak of the Apothecary {Str-4 Dex+4 SInv}
   (You bought it in a shop in the Dungeon)

   Str:       It affects your strength (-4).
   Dex:       It affects your dexterity (+4).
   SInv:      It lets you see invisible.
 w - the +0 cloak "Zeellat" (melded) {Str+2}
   (You bought it in a shop in the Dungeon)

   Str:       It affects your strength (+2).
 x - the +2 pair of boots of Pibbaop (melded) {Contam rPois rC+ Will+}
   (You bought it in a shop in the Dungeon)

   rC:        It protects you from cold.
   rPois:     It protects you from poison.
   Contam:    It causes magical contamination when unequipped.
   Will:      It increases your willpower.
 A - a +0 crystal plate armour (melded)
Jewellery
 o - the amulet "Loim" (around neck) {Will- Regen+ Str+3 Stlth+}
   (You bought it in a shop in the Dungeon)

   [amulet of regeneration]

   Str:       It affects your strength (+3).
   Regen:     It increases your rate of health regeneration.
   Will:      It decreases your willpower.
   Stlth:     It makes you more stealthy.
 p - the ring "Xiankuorua" (right branch) {rPois rC+ rCorr Str+6 Dex-4}
   (You bought it in a shop in the Dungeon)

   [ring of strength]

   Str:       It affects your strength (+6).
   Dex:       It affects your dexterity (-4).
   rC:        It protects you from cold.
   rPois:     It protects you from poison.
   rCorr:     It protects you from acid and corrosion.
 q - the ring of Xidi (left branch) {rF+ Will+ Dex+4}
   (You bought it in a shop in the Dungeon)

   [ring of protection from fire]

   Dex:       It affects your dexterity (+4).
   rF:        It protects you from fire.
   Will:      It increases your willpower.
 r - the ring of Gugaokk {*Corrode rElec rC+ MP+9 Str+6}
   (You bought it in a shop in the Dungeon)

   [ring of strength]

   Str:       It affects your strength (+6).
   rC:        It protects you from cold.
   rElec:     It insulates you from electricity.
   MP:        It affects your magic capacity (+9).
   *Corrode:  It may corrode you when you take damage.
 s - the ring of Yxyvov {rC- EV+5 Dex+5}
   (You bought it in a shop in the Dungeon)

   [ring of evasion]

   EV:        It affects your evasion (+5).
   Dex:       It affects your dexterity (+5).
   rC:        It makes you vulnerable to cold.
 t - the ring "Qaluuc" {Wiz rC+ SInv}
   (You bought it in a shop in the Dungeon)

   [ring of wizardry]

   It improves your spell success rate.
   rC:        It protects you from cold.
   SInv:      It lets you see invisible.
 u - the ring "Veefafau" {Ice rPois Dex+3}
   (You bought it in a shop in the Dungeon)

   [ring of ice]

   It enhances your ice magic.
   Dex:       It affects your dexterity (+3).
   rF:        It makes you vulnerable to fire.
   rC:        It protects you from cold.
   rPois:     It protects you from poison.
Wands
 l - a wand of quicksilver (5)
 m - a wand of iceblast (4)
 y - a wand of flame (10)
 z - a wand of charming (8)
Scrolls
 j - 4 scrolls of blinking
 n - 3 scrolls of fog
 B - 8 scrolls of enchant weapon
Potions
 d - a potion of might
 e - a potion of experience
 g - 4 potions of haste
 h - 2 potions of magic
 i - a potion of berserk rage
 k - a potion of resistance


   Skills:
 * Level 17.0 Fighting
 * Level 16.9 Maces & Flails
 + Level 12.5 Armour
 + Level 11.0 Dodging
 - Level 3.6 Shields


You had 9 spell levels left.
You didn't know any spells.
Your spell library was empty.

Dungeon Overview and Level Annotations

Branches:
Dungeon (1/1)

Altars:
Cheibriados
Dithmenos
Fedhas
Gozag
Kikubaaqudgha
Makhleb
Okawaru
Qazlal
Ru
Sif Muna
Trog
Uskayaw
Vehumet
Wu Jian
Xom
Yredelemnul
Zin
The Shining One
Lugonu

Shops:
D *[??*?*:[((!!!!


Innate Abilities, Weirdness & Mutations

You are a tree.
Your roots penetrate the ground, keeping you stationary.
You cannot be teleported.
You are immune to unholy pain and torment.
Your maximum health is greatly increased.
Your equipment is partially melded.
((You have a pair of horns on your head.))
((You reflexively headbutt those who attack you in melee.))


Message History

You don't have enough gold for that! [a] - 540 gold - resistance, heal wounds and berserk rage [b] - 480 gold - heal wounds, curing, invisibility and might [c] - 340 gold - lignification, might and resistance Purchase which effect? [a] - 540 gold - resistance, heal wounds and berserk rage [b] - 480 gold - heal wounds, curing, invisibility and might [c] - 340 gold - lignification, might and resistance Purchase which effect? [a] - 540 gold - resistance, heal wounds and berserk rage [b] - 480 gold - heal wounds, curing, invisibility and might [c] - 340 gold - lignification, might and resistance Purchase which effect? [a] - 540 gold - resistance, heal wounds and berserk rage [b] - 480 gold - heal wounds, curing, invisibility and might [c] - 340 gold - lignification, might and resistance Purchase which effect? [a] - 540 gold - resistance, heal wounds and berserk rage [b] - 480 gold - heal wounds, curing, invisibility and might [c] - 340 gold - lignification, might and resistance Purchase which effect? [a] - 540 gold - resistance, heal wounds and berserk rage [b] - 480 gold - heal wounds, curing, invisibility and might [c] - 340 gold - lignification, might and resistance Purchase which effect?
You no longer have enough gold to petition Gozag for potion effects.
You turn into a tree.
The +0 cloak "Zeellat" {Str+2} melds into your body.
The +2 pair of boots of Pibbaop {Contam rPois rC+ Will+} melds into your body.
Your +0 crystal plate armour melds into your body.
Your roots penetrate the ground.
You feel very mighty all of a sudden.
You feel protected.
The boulder beetle bites you but does no damage.
The boulder beetle bites you!
* * * LOW HITPOINT WARNING * * *
The rust devil hits you.
The gargoyle hurls a stone arrow at you.
The stone arrow hits you!!
You die...
Your body crumbles into a pile of gold.

#.....# ##.....## ##∩.....∩##
#∩.......∩# #_......._#
#...°°..._# #_....°.._#
###......B..###
#⌠....[...♣9.⌠#
######.8.......448.######
##.___......###.E....___∩##
#∩........8.# #.8.[..)...∩###
............###.....).[.....##
.........###...###.......)..⌠#
.........# #.<.# #..........§#
[........###...###...[).....§#
............###.......)....)##


You could see a boulder beetle (fast), an earth elemental, 2 rust devils and a
gargoyle.

Vanquished Creatures
  A boulder beetle (D)
  A two-headed ogre (D)
  Aizul (D)
  2 rust devils (D)
  A gargoyle (D)
  Psyche (D)
  4 queen bees (D)
  2 trolls (D)
  Edmund (D)
  A centaur (D)
  A phantom (D)
  A wight (D)
  4 killer bees (D)
  A hound (D)
  An orc priest (D)
  An iron imp (D)
  Jessica (D)
  An iguana (D)
  An orc wizard (D)
  2 adders (D)
  5 orcs (D)
  An endoplasm (D)
  A giant cockroach (D)
  A frilled lizard (D)
37 creatures vanquished.

Notes
Turn   | Place    | Note
-------+----------+-------------------------------------------
     0 | D        | 123456 the Minotaur Fighter began the quest for the Orb.
     0 | D        | Reached XP level 1. HP: 19/19 MP: 0/0
     3 | D        | Found an ancient bone altar of Kikubaaqudgha.
     3 | D        | Found a burning altar of Makhleb.
     4 | D        | Found a corrupted altar of Lugonu.
     5 | D        | Found a hide-covered altar of Uskayaw.
     5 | D        | Found a basalt altar of Yredelemnul.
     5 | D        | Round 1.
     6 | D        | Found a shimmering blue altar of Sif Muna.
     6 | D        | Found a blossoming altar of Fedhas.
     6 | D        | Found Ameiveak's Magic Scroll Shop.
     6 | D        | Found Rubbearr's Staff Store.
     7 | D        | Found Hesot's Magic Scroll Shop.
     7 | D        | Found Onog's Must-Have Magic.
     9 | D        | Noticed Jessica
     9 | D        | Noticed a phantom
    15 | D        | Found a glowing golden altar of the Shining One.
    16 | D        | Found a sacrificial altar of Ru.
    16 | D        | Found a stormy altar of Qazlal.
    16 | D        | Found Tesoadd's Identification Station.
    17 | D        | Found Tupnowie's Jewellery.
    17 | D        | Found Xerghid's Advanced Armour.
    21 | D        | Found a bloodstained altar of Trog.
    23 | D        | Found a shimmering altar of Xom.
    23 | D        | Found a radiant altar of Vehumet.
    23 | D        | Found an iron altar of Okawaru.
    23 | D        | Found Mifeosm's Premium Goods.
    23 | D        | Found Ogonim's Weapon Rack.
    24 | D        | Found Inlej's Miscellaneous Merchandise.
    24 | D        | Found Kemupt's Basic Armour.
    27 | D        | Found a snail-covered altar of Cheibriados.
    29 | D        | Found a glowing silver altar of Zin.
    30 | D        | Found Zipuut's Do-It-Yourself Clinic.
    31 | D        | Found Kune's Bottled Wisdom.
    31 | D        | Found Veob Zesk's Distillery.
    31 | D        | Found a shadowy altar of Dithmenos.
    31 | D        | Found an ornate altar of the Wu Jian Council.
    31 | D        | Found an opulent altar of Gozag.
    31 | D        | Found Ohaes's Distillery.
    39 | D        | Became a worshipper of Gozag Ym Sagoz the Greedy
    46 | D        | Killed a phantom
    47 | D        | Reached skill level 6 in Fighting
    47 | D        | Reached skill level 5 in Armour
    47 | D        | Reached XP level 2. HP: 21/31 MP: 1/1
    47 | D        | Reached XP level 3. HP: 26/38 MP: 2/2
    47 | D        | Reached XP level 4. HP: 31/45 MP: 3/3
    47 | D        | Killed Jessica
    48 | D        | Reached skill level 7 in Fighting
   126 | D        | Bought a glittering amethyst amulet for 45 gold pieces
   126 | D        | Identified the amulet "Loim" {Will- Regen+ Str+3 Stlth+}
                  | (You bought it in a shop in the Dungeon)
   131 | D        | Bought an ancient copper ring for 45 gold pieces
   131 | D        | Identified the ring "Xiankuorua" {rPois rC+ rCorr Str+6
                  | Dex-4} (You bought it in a shop in the Dungeon)
   131 | D        | Bought an ancient iron ring for 45 gold pieces
   131 | D        | Identified the ring of Xidi {rF+ Will+ Dex+4} (You bought
                  | it in a shop in the Dungeon)
   131 | D        | Bought a coiled lead ring for 45 gold pieces
   131 | D        | Identified the ring of Gugaokk {*Corrode rElec rC+ MP+9
                  | Str+6} (You bought it in a shop in the Dungeon)
   131 | D        | Bought a coiled platinum ring for 45 gold pieces
   131 | D        | Identified the ring of Yxyvov {rC- EV+5 Dex+5} (You bought
                  | it in a shop in the Dungeon)
   133 | D        | Bought a faintly glowing iron ring for 45 gold pieces
   133 | D        | Identified the ring "Qaluuc" {Wiz rC+ SInv} (You bought it
                  | in a shop in the Dungeon)
   133 | D        | Bought a flickering iron ring for 45 gold pieces
   133 | D        | Identified the ring "Veefafau" {Ice rPois Dex+3} (You
                  | bought it in a shop in the Dungeon)
   143 | D        | Arena points: 12 (+12) [x2]
   151 | D        | Bought a scroll of brand weapon for 95 gold pieces
   203 | D        | Round 2.
   280 | D        | Arena points: 54 (+42) [x3]
   281 | D        | Reached XP level 5. HP: 50/53 MP: 4/4
   335 | D        | Round 3.
   344 | D        | Reached skill level 8 in Fighting
   397 | D        | Noticed a troll
   398 | D        | Noticed a centaur
   404 | D        | Killed a troll
   405 | D        | Reached skill level 10 in Fighting
   405 | D        | Reached skill level 10 in Maces & Flails
   405 | D        | Reached XP level 6. HP: 44/67 MP: 5/5
   429 | D        | Noticed a two-headed ogre
   440 | D        | Killed a two-headed ogre
   441 | D        | Reached skill level 12 in Fighting
   441 | D        | Reached XP level 7. HP: 36/78 MP: 6/6
   441 | D        | Reached XP level 8. HP: 39/85 MP: 7/7
   456 | D        | Arena points: 138 (+84) [x4]
   511 | D        | Bought a fading cloak for 332 gold pieces
   511 | D        | Identified the +2 cloak of the Apothecary {Str-4 Dex+4
                  | SInv} (You bought it in a shop in the Dungeon)
   511 | D        | Bought a heavily runed cloak for 332 gold pieces
   511 | D        | Identified the +0 cloak "Zeellat" {Str+2} (You bought it in
                  | a shop in the Dungeon)
   516 | D        | Bought a pair of steaming boots for 332 gold pieces
   516 | D        | Identified the +2 pair of boots of Pibbaop {Contam rPois
                  | rC+ Will+} (You bought it in a shop in the Dungeon)
   519 | D        | Round 4.
   575 | D        | Noticed a troll
   581 | D        | Killed a troll
   582 | D        | Reached skill level 13 in Fighting
   617 | D        | Noticed Psyche
   636 | D        | Killed Psyche
   637 | D        | Reached skill level 10 in Armour
   673 | D        | Noticed Edmund
   681 | D        | Killed Edmund
   684 | D        | Reached skill level 14 in Fighting
   706 | D        | Arena points: 166 (+28) [x1]
   721 | D        | Round 5.
   730 | D        | Noticed Aizul
   747 | D        | Noticed a mana viper
   770 | D        | Killed Aizul
   770 | D        | Arena points: 286 (+120) [x3]
   771 | D        | Reached XP level 9. HP: 13/96 MP: 0/8
   861 | D        | Got a serpentine rune of Zot
   901 | D        | Bought a +0 crystal plate armour for 960 gold pieces
   936 | D        | Round 6.
   964 | D        | Noticed a queen bee
   968 | D        | Noticed a queen bee
   968 | D        | Noticed a queen bee
   971 | D        | Killed a queen bee
   972 | D        | Reached skill level 15 in Fighting
   979 | D        | Killed a queen bee
   980 | D        | Reached skill level 15 in Maces & Flails
   981 | D        | Killed a queen bee
   982 | D        | Reached skill level 10 in Dodging
   983 | D        | Noticed a queen bee
  1004 | D        | Killed a queen bee
  1012 | D        | Arena points: 502 (+216) [x4]
  1054 | D        | Bought 8 scrolls of enchant weapon for 600 gold pieces
  1076 | D        | Round 7.
  1083 | D        | Noticed a boulder beetle
  1118 | D        | Killed a boulder beetle
  1119 | D        | Reached skill level 16 in Fighting
  1119 | D        | Reached XP level 10. HP: 50/108 MP: 9/9
  1126 | D        | Noticed a gargoyle
  1133 | D        | Killed a gargoyle
  1135 | D        | Noticed a rust devil
  1151 | D        | Killed a rust devil
  1165 | D        | Noticed a rust devil
  1179 | D        | Killed a rust devil
  1180 | D        | Reached skill level 17 in Fighting
  1199 | D        | Noticed a rust devil
  1200 | D        | Noticed a boulder beetle
  1200 | D        | Noticed a rust devil
  1201 | D        | Noticed a gargoyle
  1218 | D        | Killed from afar by a gargoyle

Illustrated notes

Levels and vault maps discovered:
D:        arena_sprint

Skill      XL: |  1  2  3  4  5  6  7  8  9 10 |
---------------+-------------------------------+-----
Fighting       | 6 7 10 12 14 16 17 | 17.0
Maces & Flails | 6 7 10 12 14 16 | 16.9
Armour         | 5 6 7 9 10 12 | 12.5
Dodging        | 3 4 6 7 9 10 11 | 11.0
Shields        | |  3.6

Action                     |  1- 3 |  4- 6 |  7- 9 | 10-12 || total
---------------------------+-------+-------+-------+-------++-------
  Melee: Flail             |     6 |    44 |   124 |    28 ||   202
         Headbutt          |       |     8 |    21 |     9 ||    38
 Invoke: Potion Petition   |       |       |       |     1 ||     1
  Evoke: Wand              |       |       |     1 |     1 ||     2
    Use: Scroll            |       |     1 |       |       ||     1
         Potion            |       |       |     4 |     1 ||     5
 Armour: Scale mail        |     4 |    18 |    20 |       ||    42
         Crystal plate arm |       |       |    27 |    10 ||    37
         Skin              |       |       |       |     2 ||     2
  Dodge: Dodged            |       |    12 |    56 |     6 ||    74
  Block: Buckler           |     2 |    10 |    13 |     3 ||    28

Table legend: (Time is in decaauts)
 A = Elapsed time spent in this place.
 B = Non-inter-level travel time spent in this place.
 C = Inter-level travel time spent in this place.
 D = Time resting spent in this place.
 E = Time spent auto-exploring this place.
 F = Levels seen in this place.
 G = Mean time per level.
                   A        B        C        D        E       F      G
               +--------+--------+--------+--------+--------+-----+--------+
         Total |   1180 |   1164 |     16 |    379 |     80 |   1 | 1180.0 |
       Dungeon |   1180 |   1164 |     16 |    379 |     80 |   1 | 1180.0 |
               +--------+--------+--------+--------+--------+-----+--------+

Top non-repeatable levels by time:
       D: 1180 daAuts
